 Dungeon Crawl Stone Soup version 0.28-a0-1080-g05a166d0ed (webtiles) character file.

Game seed: 152697407067238920

3498756 emperorscorpion the Archmage (level 27, 199/199 HPs)
             Began as a Djinni Summoner on Dec 8, 2021.
             Was the Champion of Makhleb.
             Escaped with the Orb
             ... and 6 runes on Dec 10, 2021!
             The game lasted 08:39:11 (91544 turns).

emperorscorpion the Archmage (Djinni Summoner)     Turns: 91544, Time: 08:39:12

Health: 199/199    AC: 36    Str: 12    XL:     27
Gold:   9283       EV: 17    Int: 43    God:    Makhleb [******] SH: 19 Dex: 21

rFire   + + +      SeeInvis .   a - +10 zealot's sword {holy, *Rage rN+ EV+3}
rCold   + + .      Faith    .   N - +4 kite shield {reflect}
rNeg    + + +      Spirit   .   u - +4 plate armour {rN+}
rPois   ∞          Reflect  +   C - +2 hat of the Great Game {rF+}
rElec   .          Harm     .   O - +2 cloak
rCorr   .          Rampage  .   p - +2 pair of gloves
Will    ++++.      Rage     20% (boots unavailable)
Stlth   ..........              Q - amulet "Fotuarro" {Regen+ Int+6}
HPRegen 2.03/turn               F - ring "Niycitut" {Contam rC+++ Will+ Str+3 Int+3}
MPRegen 0.00/turn               Y - ring "Seujokh" {rN+ Int+6 Dex+4}

@: flying, studying 4 skills
A: sickness immunity, fire resistance 2, cold vulnerability 1, float, innate
caster, hp casting, extra vitality 1, clever 1, strong-willed 1, regeneration 1,
shaggy fur 1
0: Orb of Zot
}: 6/15 runes: barnacled, slimy, silver, golden, abyssal, gossamer
a: Renounce Religion, Minor Destruction, Lesser Servant of Makhleb, Major
Destruction, Greater Servant of Makhleb


You escaped.
You worshipped Makhleb.
Makhleb was exalted by your worship.
You visited 13 branches of the dungeon, and saw 60 of its levels.
You visited the Abyss 1 time.
You visited 1 bazaar.
You also visited: Gauntlet, Volcano and Desolation.

You collected 15107 gold pieces.
You spent 5824 gold pieces at shops.

Inventory:

Hand Weapons
 a - the +10 zealot's sword (weapon) {holy, *Rage rN+ EV+3}
   (You found it in a Gauntlet)

   It has been blessed by the Shining One to cause great damage to the undead
   and demons.
   Whenever the wielder enters a berserk rage, their allies are berserked
   alongside them.
   EV:        It affects your evasion (+3).
   rN:        It protects you from negative energy.
   *Rage:     It berserks you when you make melee attacks (+20% chance).
 c - a +9 demon trident of flaming
 L - the +8 hand axe of Zin's Benevolence {venom, +Blink Fly rF+++ Dex-2}
   (You took it off a minotaur in a Gauntlet)

   It poisons the flesh of those it strikes.
   Dex:       It affects your dexterity (-2).
   rF:        It renders you almost immune to fire.
   Fly:       It grants you flight.
   +Blink:    It lets you blink.
Missiles
 l - 25 javelins
 A - 2 throwing nets
 I - 12 curare-tipped darts
Armour
 m - a +5 ring mail of cold resistance
 p - a +2 pair of gloves (worn)
 u - a +4 plate armour of positive energy (worn)
 C - the +2 hat of the Great Game (worn) {rF+}
   (You found it in a Gauntlet)

   rF:        It protects you from fire.
 N - a +4 kite shield of reflection (worn)
 O - a +2 cloak (worn)
Magical Staves
 b - a staff of air
 v - a staff of fire
Jewellery
 e - the ring "Tinaucet" {Str+5 Int+6 Slay-5 SInv Stlth+}
   (You took it off a deep elf death mage on level 3 of the Elven Halls)

   [ring of intelligence]

   Str:       It affects your strength (+5).
   Int:       It affects your intelligence (+6).
   Slay:      It affects your accuracy & damage with ranged weapons and melee
   (-5).
   SInv:      It lets you see invisible.
   Stlth:     It makes you more stealthy.
 h - the ring of Virtue {rN+ SInv}
   (You found it on level 3 of the Crypt)

   [ring of positive energy]

   rN:        It protects you from negative energy.
   SInv:      It lets you see invisible.
 k - the ring of Poujimm {rCorr Int+6}
   (You found it on level 3 of the Elven Halls)

   [ring of resist corrosion]

   Int:       It affects your intelligence (+6).
   rCorr:     It protects you from acid and corrosion.
 F - the ring "Niycitut" (left hand) {Contam rC+++ Will+ Str+3 Int+3}
   (You took it off a kobold brigand on level 9 of the Dungeon)

   [ring of willpower]

   Str:       It affects your strength (+3).
   Int:       It affects your intelligence (+3).
   rC:        It renders you almost immune to cold.
   Contam:    It causes magical contamination when unequipped.
   Will:      It increases your willpower.
 Q - the amulet "Fotuarro" (around neck) {Regen+ Int+6}
   (You found it in the Desolation of Salt)

   [amulet of regeneration]

   Int:       It affects your intelligence (+6).
   Regen:     It increases your rate of health regeneration.
 W - the ring "Saupt" {rPois rN+ Int+3}
   (You found it on level 3 of the Crypt)

   [ring of positive energy]

   Int:       It affects your intelligence (+3).
   rPois:     It protects you from poison.
   rN:        It protects you from negative energy.
 Y - the ring "Seujokh" (right hand) {rN+ Int+6 Dex+4}
   (You found it on level 5 of the Lair of Beasts)

   [ring of intelligence]

   Int:       It affects your intelligence (+6).
   Dex:       It affects your dexterity (+4).
   rN:        It protects you from negative energy.
Wands
 E - a wand of digging (5)
 G - a wand of paralysis (12)
 P - a wand of iceblast (41)
Scrolls
 n - 2 scrolls of silence
 t - 12 scrolls of blinking
 w - 27 scrolls of teleportation
 B - 6 scrolls of fog
 H - 3 scrolls of summoning
 J - 2 scrolls of magic mapping
 K - 3 scrolls of fear
 M - 5 scrolls of identify
 R - a scroll of enchant armour
 Z - 11 scrolls of immolation
Potions
 f - a potion of haste
 i - 5 potions of resistance
 j - a potion of heal wounds
 o - 10 potions of brilliance
 q - 8 potions of cancellation
 r - 18 potions of curing
 s - 10 potions of ambrosia
 z - 8 potions of might
 D - 4 potions of invisibility
 S - 10 potions of lignification
 X - 5 potions of berserk rage
Miscellaneous
 d - a phial of floods
 g - a box of beasts
 x - a condenser vane
 y - a lightning rod (4/4)
 T - a figurine of a ziggurat
 V - a tin of tremorstones (2/2)


   Skills:
 + Level 17.8 Fighting
 + Level 8.4 Long Blades
 + Level 5.9 Polearms
 + Level 0.2(4.0) Staves
 * Level 25.1 Armour
 + Level 20.1 Dodging
 + Level 9.0 Stealth
 + Level 16.1 Shields
 O Level 27 Spellcasting
 + Level 20.9 Invocations
 + Level 1.7 Evocations


You couldn't memorise any spells.
You knew the following spells:

 Your Spells              Type           Power      Damage    Failure   Level
a - Fireball              Conj/Fire      69%        3d26      0%          5
b - Airstrike             Air            69%        N/A       0%          4
c - Chain Lightning       Conj/Air       69%        3d92      4%          9
d - Summon Guardian Gole  Hex/Summ       100%       N/A       0%          3
e - Summon Lightning Spi  Summ/Air       100%       N/A       0%          4
f - Pain                  Necr           100%       1d9       0%          1
g - Passwall              Tmut/Erth      100%       N/A       0%          2
h - Wereblood             Tmut           100%       N/A       0%          2
i - Summon Small Mammal   Summ           100%       N/A       0%          1
j - Olgreb's Toxic Radia  Pois           100%       N/A       0%          4
k - Call Imp              Summ           100%       N/A       0%          2
m - Simulacrum            Ice/Necr       69%        N/A       0%          6
n - Summon Cactus Giant   Summ           69%        N/A       0%          6
o - Infestation           Necr           69%        N/A       1%          8
p - Borgnjor's Revivific  Necr           69%        N/A       1%          8
q - Polar Vortex          Ice            69%        N/A       4%          9
S - Storm Form            Tmut/Air       69%        N/A       1%          7
W - Call Canine Familiar  Summ           100%       N/A       0%          3
Your spell library was empty.

Dungeon Overview and Level Annotations

Branches:
Dungeon (15/15)            Temple (1/1) D:6            Lair (6/6) D:9
 Shoals (4/4) Lair:3       Spider (4/4) Lair:4        Slime (5/5) Lair:6
    Orc (2/2) D:12            Elf (3/3) Orc:2        Vaults (5/5) D:14
  Crypt (3/3) Vaults:3       Tomb (3/3) Crypt:3      Depths (4/4) D:15
    Zot (5/5) Depths:4    Volcano (visited)         Desolation (visited)
Gauntlet (visited)

Altars:
Ashenzari
Cheibriados
Dithmenos
Elyvilon
Fedhas
Gozag
Hepliaklqana
Kikubaaqudgha
Makhleb
Nemelex Xobeh
Okawaru
Qazlal
Ru
Sif Muna
Trog
Uskayaw
Vehumet
Wu Jian
Xom
Yredelemnul
Zin
The Shining One

Shops:
D:9 *   D:13 ?   D:14 [   Orc:2 *:=*   Elf:2 (   Shoals:4 !   Vaults:5 (
Depths:3 [!(*

Portals:
Hell: Depths:1 Depths:2 Depths:3 Depths:4
Abyss: Depths:1 Depths:2 Depths:3 Depths:4
Pandemonium: Depths:2 Depths:3
Ziggurat: Depths:4
Trove: Elf:1 (give 17 potions of curing)

Annotations:
Tomb:3 Khufu


Innate Abilities, Weirdness & Mutations

You are immune to sickness and miasma.
You are immune to poison.
Your flesh is very heat resistant. (rF++)
You are vulnerable to cold. (rC-)
You float through the air rather than walking.
You learn spells naturally, not from books.
Your magical power is your life essence.
You have superior vitality. (+4 HP)
Your mind is acute. (Int +2)
You are strong-willed. (Will+)
Your natural rate of healing is unusually fast.
You are covered in fur. (AC +1)


Message History

There is a stone staircase leading up here.
You fly upwards.
There is a stone staircase leading down here.
There is a stone staircase leading up here.
You fly upwards.
There is a stone staircase leading down here.
There is a stone staircase leading up here.
You fly upwards.
An Orb Guardian comes into view.
There is a stone staircase leading down here.
Casting: Chain Lightning (dangerous; 4% risk of failure)
Confirm with . or Enter, or press ? or * to list all spells.
Lightning arcs from your hands!
The bolt of lightning hits the Orb Guardian!!!!
You kill the Orb Guardian!
Makhleb accepts your kill.
You feel better. The bolt of lightning hits you!
Unknown command.
(D) Dungeon (T) Temple (L) Lair (A) Shoals (N) Spider Nest (M) Slime Pits (O) Orcish Mines (E) Elven Halls (V) Vaults (C) Crypt (W) Tomb (U) Depths (H) Hell (Z) Zot
Where to? (Enter - D:1, ? - help) HP restored.
There is an open door here.
There is a stone staircase leading up here.
You fly upwards.
There is a stone staircase leading down here.
There is a stone staircase leading up here.
You fly upwards.
There is a stone staircase leading down here.
(D) Dungeon (T) Temple (L) Lair (A) Shoals (N) Spider Nest (M) Slime Pits (O) Orcish Mines (E) Elven Halls (V) Vaults (C) Crypt (W) Tomb (U) Depths (H) Hell (Z) Zot
Where to? (Enter - D:1, ? - help)
Okay, then.
There is an open door here.
There is a staircase leading out of the dungeon here.
You have escaped!

## #####.# #.###.###.# .#
#.# #.........# .# #.#
### #####.##### .## #.#
##.## #.......... ..# #.#
##...## #.##.####.. #.##
#.# ##.....## #.#........
#..#
#.###.......###.#.######.
##.##
#.##.........##..........
#..#
#.+.....@.....'.#...####.
##.##
#.#####...#####........#.
#..# #.# ##.##
###.###.... ##.# #.# #.#
#........#. #.## #.# #.#
#.#.#.##.#. #..# #.# #.#
#...#.##.## ##.# #.#
#'##########.##.# #.# #.#
##.##.........#..#
#.###.#
#..##.#########.###


There were no monsters in sight!

Vanquished Creatures
  the Royal Jelly (Slime:5)
  3 dread liches (Zot:5)
  9 orbs of fire
  5 ancient liches
  24 royal mummies
  5 Killer Klowns
  4 curse toes
  12 golden dragons
  3 bone dragons
  4 profane servitors
  4 electric golems
  An Ice Fiend (Zot:2)
  Rupert (Lair:5)
  4 hellephants
  4 searing wretches
  14 tentacled monstrosities
  10 liches
  28 Orb Guardians
  2 krakens (Shoals:4)
  3 titans (Vaults:5)
  A deep elf master archer (Elf:3)
  8 quicksilver dragons
  4 tentacled starspawn
  15 ancient champions
  9 sphinxes
  13 acid blobs
  7 death cobs
  A tengu reaver (Vaults:3)
  8 shadow dragons
  Donald (Vaults:2)
  17 storm dragons
  13 revenants
  11 draconian knights
  A demonspawn warmonger (Depths:2)
  23 draconian monks
  A daeva (D:11)
  6 azure jellies
  6 fire giants
  5 draconian scorchers
  5 vault wardens
  6 frost giants
  9 draconian shifters
  3 deep elf sorcerers
  3 ghost moths
  2 deep elf elementalists
  3 juggernaut zombies
  3 curse skulls
  4 spriggan defenders (Depths:2)
  4 orc warlords
  A caustic shrike skeleton (Crypt:2)
  8 draconian stormcallers
  2 reapers
  10 draconian annihilators
  8 ironbound preservers
  15 ghouls
  4 quicksilver oozes
  A spectral rockslime (Slime:5)
  6 stone giants
  A war gargoyle (Vaults:5)
  A demonspawn blood saint (Depths:2)
  9 very ugly things
  4 bennus (Tomb:1)
  12 black draconians
  7 vampire knights
  2 deep elf demonologists
  8 dire elephants
  2 deep elf annihilators
  3 lorocyprocas
  18 purple draconians
  10 green draconians
  A spark wasp (shapeshifter) (Vaults:5)
  A minotaur (Gauntlet)
  5 entropy weavers
  12 yellow draconians
  6 eidola
  5 spark wasps (Depths:2)
  11 white draconians
  Josephine (D:13)
  A spectral acid blob (Slime:5)
  5 merfolk impalers
  5 merfolk javelineers
  A crystal guardian (Desolation)
  A quicksilver dragon zombie (Crypt:1)
  2 blizzard demons (Depths:4)
  11 red draconians
  8 jiangshi
  3 fire dragons
  Snorg (D:10)
  33 mummy priests
  7 ettins
  7 deep elf death magi
  A deep elf high priest (Elf:3)
  9 yaktaur captains
  7 great orbs of eyes
  4 ice dragons
  2 peacekeepers (Desolation)
  5 hydras
  5 servants of whispers (Desolation)
  A rakshasa (Depths:3)
  3 centaur warriors
  15 vault guards (Vaults:5)
  4 ironbound thunderhulks
  3 ogre magi (Orc:2)
  An ironbound frostheart (Vaults:2)
  A fenstrider witch skeleton (Crypt:3)
  2 catoblepae
  3 spriggan air magi
  3 two-headed ogres
  3 death knights
  9 dancing weapons
  A death yak (Shoals:2)
  An alligator snapping turtle (Shoals:4)
  66 death scarabs
  4 deep troll shamans
  6 hell hogs (Depths:4)
  A satyr (Shoals:3)
  3 merfolk avatars
  A merfolk aquamancer (Shoals:3)
  3 tengu warriors
  3 thrashing horrors (Abyss:3)
  4 deep troll earth magi
  9 vampire magi
  3 hell knights
  3 soul eaters
  11 deep elf knights
  A storm dragon zombie (Zot:4)
  2 titan skeletons
  5 spriggan berserkers
  30 skeletal warriors
  A shock serpent (shapeshifter) (Abyss:3)
  3 shadow wraiths
  7 wretched stars
  A bunyip zombie (Crypt:1)
  A death drake (shapeshifter) (Elf:1)
  3 spriggan riders (Depths:2)
  An entropy weaver zombie (Crypt:2)
  43 deep trolls
  A bog body (Crypt:2)
  2 spatial maelstroms
  A salamander mystic (Depths:3)
  3 iron trolls
  4 sea snakes
  7 flayed ghosts
  3 bunyip skeletons
  4 golden dragon skeletons (Depths:3)
  17 starcursed masses
  8 orb spiders
  16 phantasmal warriors
  5 orc knights (Vaults:3)
  An orange crystal statue (Vaults:4)
  6 necromancers
  11 lindwurms
  8 deep elf archers
  An anaconda skeleton (Tomb:3)
  9 harpies
  21 deep elf pyromancers
  9 ironbound convokers
  26 deep elf zephyrmancers
  An iron dragon zombie (Tomb:1)
  2 tengu zombies (Depths:3)
  A stone giant zombie (Crypt:3)
  2 shining eyes
  6 wizards
  An eleionoma zombie (Crypt:3)
  A hell hog zombie (Depths:4)
  A mana viper (Abyss:3)
  9 wolf spiders
  8 fauns
  17 ugly things
  2 oklob plants (Lair:6)
  11 cyclopes
  29 moths of wrath
  An elephant (shapeshifter) (Abyss:3)
  A salamander (Depths:3)
  13 manticores
  A goliath frog skeleton (Crypt:2)
  2 guardian serpents (Desolation)
  13 merfolk sirens
  2 iron dragon skeletons
  2 centaur zombies
  9 smoke demons (Abyss:3)
  2 frost giant skeletons
  A rust devil (Depths:3)
  6 elephants
  3 naga zombies
  4 black mambas
  3 gargoyles
  Maurice (D:8)
  A naga mage (Depths:1)
  12 vault sentinels
  2 torpor snails
  2 orange demons
  An alligator snapping turtle zombie (Crypt:2)
  5 water nymphs
  4 spriggan zombies
  3 spectral slime creatures (Slime:5)
  3 dire elephant skeletons
  3 hellions
  7 cane toads
  3 unseen horrors (Depths:3)
  3 spriggan skeletons
  An iron troll zombie (Crypt:2)
  A minotaur zombie (Gauntlet)
  4 efreet
  A white draconian zombie (Crypt:3)
  32 yaktaurs
  4 hellwings
  A pale draconian zombie (Crypt:2)
  3 tengu conjurers
  4 rime drakes
  5 komodo dragons
  A demonic crawler (Spider:2)
  An ice devil (Gauntlet)
  9 freezing wraiths
  4 red devils
  47 guardian mummies
  A black draconian skeleton (Crypt:1)
  A minotaur skeleton (Crypt:3)
  A grey draconian skeleton (Crypt:2)
  5 ancient zymes
  17 merfolk
  4 harpy skeletons
  A wind drake (Shoals:4)
  A meliai (Abyss:3)
  A polar bear (shapeshifter) (Abyss:1)
  23 blink frogs
  29 jumping spiders
  8 hornets
  14 raiju
  A hydra zombie (Crypt:3)
  17 saltlings
  4 snapping turtles
  An ettin zombie (Crypt:3)
  An ice dragon zombie (Crypt:1)
  14 dream sheep
  17 large abominations
  25 slime creatures
  4 centaur simulacra (Gauntlet)
  14 flying skulls
  5 wraiths
  53 redbacks
  A shadow (D:11)
  A spriggan simulacrum (Abyss:3)
  A vampire (D:13)
  15 water elementals
  22 tarantellas
  9 yaks
  2 air elementals
  4 fire elementals
  2 basilisks
  11 ynoxinuls
  8 chaos spawn
  3 fire bats (Depths:3)
  7 wyverns
  3 neqoxecs
  8 ushabtiu
  7 vampire mosquitoes
  A warg (Orc:1)
  5 spatial vortices (Abyss:5)
  A harpy simulacrum (Tomb:3)
  An acid dragon (D:14)
  A glowing shapeshifter zombie (Crypt:2)
  A deep troll zombie (Depths:4)
  A faun skeleton (Crypt:3)
  11 water moccasins
  A hydra simulacrum (Crypt:1)
  2 floating eyes (shapeshifter)
  A spectral red devil (Depths:2)
  21 orc warriors
  A snapping turtle zombie (Crypt:1)
  23 small abominations
  5 boggarts (Vaults:4)
  9 ogres
  6 necrophages
  A lindwurm skeleton (Crypt:2)
  17 wolves
  16 centaurs
  2 kobold brigands
  6 bullfrogs
  4 gnoll sergeants (D:12)
  A naga simulacrum (Crypt:3)
  An earth elemental (Abyss:3)
  A wyvern zombie (D:8)
  A hornet simulacrum (Gauntlet)
  A shapeshifter zombie (Crypt:3)
  4 wights (Abyss:3)
  9 killer bees (D:10)
  10 howler monkeys
  A troll skeleton (Crypt:1)
  A yak skeleton (Crypt:3)
  A crimson imp (Depths:4)
  2 spark wasp zombies
  2 hounds
  A jelly (Abyss:3)
  A quasit (Abyss:3)
  2 iron imps (Abyss:3)
  13 orc priests
  4 human zombies (Crypt:1)
  6 centaur skeletons
  2 harpy zombies
  7 hell rats
  3 human skeletons (Crypt:1)
  14 orc wizards
  A sea snake zombie (Shoals:4)
  A jumping spider zombie (Spider:4)
  58 mummies
  A dream sheep zombie (Shoals:1)
  6 gnolls (D:12)
  A howler monkey skeleton (D:7)
  A merfolk zombie (Shoals:1)
  2 shadow imps (Gauntlet)
  7 white imps
  4 ufetubi
  A worm (D:4)
  36 orcs
  2 ball pythons
  2 bats (D:1)
  An endoplasm (D:3)
  A giant cockroach (D:4)
  8 goblins
  A quokka (D:3)
  A frilled lizard zombie (Crypt:3)
  A goblin zombie (Crypt:1)
  6 kobolds
  A kobold skeleton (Crypt:1)
  6 rats
  2 river rat skeletons
  3 fire vortices (Volcano)
  3 starspawn tentacles
  7 tentacles (Shoals:4)
2130 creatures vanquished.

Vanquished Creatures (collateral kills)
  2 ancient liches
  2 royal mummies (Tomb:3)
  Bai Suzhen (Depths:2)
  Margery (Vaults:3)
  3 golden dragons
  Nikola (Depths:2)
  Jory (Vaults:3)
  A Brimstone Fiend (Depths:4)
  An Ice Fiend (Depths:4)
  Jorgrun (Elf:2)
  2 liches
  5 tentacled monstrosities
  6 titans
  3 deep elf blademasters
  2 deep elf master archers (Elf:3)
  2 quicksilver dragons (Vaults:5)
  8 acid blobs
  A kraken (Shoals:4)
  6 shadow dragons
  A storm dragon (Vaults:5)
  6 sphinxes
  8 rockslimes
  3 tengu reavers
  4 azure jellies
  8 frost giants
  2 fire giants
  3 ghost moths
  14 vault wardens
  9 deep elf sorcerers
  7 emperor scorpions
  An orc warlord (Vaults:4)
  2 deep elf elementalists (Elf:3)
  2 war gargoyles
  A spriggan defender (Depths:2)
  4 quicksilver oozes
  25 very ugly things
  9 stone giants
  16 ironbound preservers
  2 green draconians (Depths:4)
  A yellow draconian (Depths:4)
  4 deep elf demonologists
  3 dire elephants (Vaults:4)
  3 halazid warlocks (Desolation)
  2 entropy weavers
  A spark wasp (shapeshifter) (Vaults:5)
  6 spark wasps
  A minotaur (shapeshifter) (D:10)
  3 deep elf annihilators (Elf:3)
  The ghost of Dehudo the Basher, a journeyman TrCK of Xom (Lair:2)
  2 blizzard demons (Depths:4)
  A red draconian (Depths:4)
  A mummy priest (Tomb:3)
  A merfolk javelineer (Shoals:4)
  9 deep elf death magi
  6 ettins
  4 fire dragons
  16 vault guards
  3 merfolk impalers
  8 great orbs of eyes
  10 yaktaur captains
  8 ironbound thunderhulks
  9 ragged hierophants (Desolation)
  3 boulder beetles
  A rakshasa (Depths:2)
  3 deep elf high priests
  3 ice dragons
  8 servants of whispers (Desolation)
  2 ogre magi
  5 ironbound frosthearts
  10 peacekeepers (Desolation)
  2 hydras
  4 merfolk avatars
  2 spriggan air magi (Depths:2)
  14 two-headed ogres
  2 merfolk aquamancers (Shoals:4)
  A centaur warrior (D:12)
  2 catoblepae
  2 deep troll earth magi (Depths:2)
  A hell hog (Depths:4)
  20 dancing weapons
  6 deep troll shamans
  2 death yaks (Shoals:2)
  3 spriggan berserkers
  12 hell knights
  5 deep elf knights
  9 iron trolls
  5 sea snakes
  A sixfirhy (Abyss:5)
  31 deep trolls
  A flayed ghost (Vaults:5)
  3 glowing orange brains (Depths:2)
  A death drake (shapeshifter) (Vaults:5)
  5 deep elf archers
  A swamp dragon (shapeshifter) (Vaults:5)
  4 orc knights
  3 phantasmal warriors
  7 harpies
  13 deep elf pyromancers
  An ugly thing zombie (Depths:1)
  9 ironbound convokers
  4 wizards
  2 oklob plants (Lair:6)
  3 shining eyes
  23 ugly things
  3 lindwurms
  An orb spider (Spider:2)
  11 deep elf zephyrmancers
  A fire giant zombie (Depths:3)
  5 necromancers
  A stone giant zombie (Depths:2)
  A salamander (shapeshifter) (D:15)
  An orc sorcerer (Orc:2)
  4 cyclopes
  6 manticores
  3 fauns (Shoals:2)
  13 wolf spiders
  2 salamanders (Depths:3)
  3 moths of wrath
  2 merfolk sirens
  4 elephants (Lair:4)
  A centaur zombie (D:11)
  8 vault sentinels
  4 water nymphs
  2 molten gargoyles (Volcano)
  A guardian serpent (Desolation)
  A spectral slime creature (Slime:5)
  A black mamba (Lair:6)
  An eye of devastation (Slime:2)
  A gargoyle (D:14)
  4 cane toads
  2 unseen horrors
  2 freezing wraiths (Vaults:5)
  4 torpor snails (Lair:6)
  11 demonic crawlers
  A hellion (Depths:4)
  2 efreet (Volcano)
  22 yaktaurs
  A hellwing (Depths:2)
  A tengu conjurer (Depths:2)
  A troll (D:12)
  12 merfolk
  14 jumping spiders
  4 tyrant leeches (Lair:6)
  A jumping spider (shapeshifter) (Vaults:5)
  4 hornets
  A wind drake (Shoals:4)
  A wolf spider simulacrum (D:12)
  5 blink frogs
  59 saltlings (Desolation)
  A fire dragon zombie (Depths:3)
  48 slime creatures
  29 redbacks
  An air elemental (Elf:3)
  5 snapping turtles
  Sigmund (D:2)
  9 tarantellas
  8 water elementals
  A wyvern (Lair:3)
  2 wraiths (D:13)
  A fire elemental (Volcano)
  A fire bat (Depths:3)
  A basilisk (Lair:4)
  14 yaks
  6 vampire mosquitoes
  2 steam dragons
  A salamander zombie (Depths:3)
  2 wargs
  7 water moccasins
  3 deep troll zombies
  11 orc warriors
  A sky beast (D:6)
  2 black bears
  2 necrophages
  3 wolves
  4 boggarts (Vaults:4)
  A hornet zombie (D:7)
  19 ogres
  2 centaurs
  2 kobold brigands
  A nameless horror (D:7)
  3 bullfrogs
  7 earth elementals
  A gnoll sergeant (D:12)
  3 killer bees (D:7)
  4 wights (D:9)
  2 jellies
  5 orc priests
  2 hounds
  Terence (D:2)
  2 iguanas (D:7)
  3 orc wizards (D:6)
  2 hell rats (Lair:3)
  A tarantella zombie (Spider:1)
  A redback zombie (Spider:1)
  Robin (D:3)
  A howler monkey zombie (D:7)
  A howler monkey skeleton (D:4)
  5 adders
  2 shadow imps
  3 white imps
  2 worms (D:2)
  A dart slug (D:2)
  10 orcs
  A ball python (D:1)
  A bat (D:2)
  4 endoplasms
  2 giant cockroaches (D:1)
  8 hobgoblins
  2 quokkas (D:1)
  3 frilled lizards
  14 goblins
  An orc zombie (Orc:1)
  A quokka skeleton (D:4)
  2 rats
  A butterfly (Lair:4)
1045 creatures vanquished.

Vanquished Creatures (others)
  3 profane servitors
  2 bone dragons
  An acid blob (Slime:5)
  2 azure jellies (Slime:5)
  A fire giant (Depths:4)
  A spectral tentacled monstrosity (Depths:2)
  A deep elf elementalist (Elf:3)
  An ironbound preserver (Vaults:5)
  6 ghouls
  A spectral tengu (Depths:2)
  A stone giant (Vaults:5)
  10 vampire knights
  2 spectral rockslimes (Slime:2)
  A spectral jelly (Slime:5)
  3 spectral acid blobs
  4 very ugly thing zombies
  A quicksilver dragon zombie (Depths:2)
  2 spectral rakshasas
  A spectral minotaur (Vaults:3)
  A hydra (D:12)
  A vault guard (Vaults:3)
  A boulder beetle (D:7)
  3 spectral azure jellies
  A two-headed ogre (Orc:2)
  3 spectral quicksilver oozes
  5 skeletal warriors
  2 spark wasp zombies (Depths:2)
  A spectral ogre (Vaults:3)
  4 flayed ghosts
  6 phantasmal warriors
  A shadow dragon zombie (Depths:4)
  2 stone giant zombies
  A large abomination (Abyss:3)
  4 hell hog zombies (Depths:4)
  A fire giant zombie (Depths:4)
  A deep elf pyromancer (Elf:1)
  A spectral blizzard demon (Depths:4)
  3 frost giant zombies
  2 spectral great orbs of eyes
  A gargoyle (D:10)
  18 spectral slime creatures
  A green draconian zombie (Depths:4)
  3 iron troll zombies (Depths:4)
  A slime creature (Slime:2)
  3 ice dragon zombies
  A fire dragon zombie (Depths:2)
  2 ettin zombies
  8 flying skulls
  6 spriggan zombies (Depths:2)
  12 vampires
  6 wraiths
  4 yaks
  A spectral orange demon (Depths:2)
  A spectral hellion (Depths:4)
  A spectral fire bat (Depths:3)
  A sky beast (D:7)
  A small abomination (Abyss:3)
  An ogre (Orc:2)
  2 spectral ynoxinuls
  3 tengu zombies
  A killer bee (D:7)
  A wight (Orc:2)
  2 sphinx zombies
  5 wolf spider zombies
  8 yaktaur zombies
  A jelly (D:7)
  5 harpy zombies
  5 ugly thing zombies
  3 sea snake zombies
  An emperor scorpion zombie (Spider:3)
  18 human zombies
  7 jumping spider zombies
  16 redback zombies
  5 tarantella zombies
  A centaur skeleton (D:12)
  3 demonic crawler zombies
  2 mummies
  3 orb spider zombies
  A spectral crimson imp (Depths:4)
  15 deep troll zombies
  2 dream sheep zombies
  A faun zombie (Shoals:1)
  2 lindwurm zombies
  A water nymph zombie (Shoals:4)
  A hydra zombie (D:12)
  7 merfolk zombies
  2 two-headed ogre skeletons (Orc:2)
  A black mamba zombie (Lair:2)
  3 wolf zombies (Lair:6)
  A bullfrog zombie (Lair:4)
  A hornet zombie (Lair:6)
  2 water moccasin zombies
  2 wyvern zombies
  A blink frog zombie (Lair:5)
  8 elf zombies
  A komodo dragon zombie (Lair:6)
  A manticore zombie (D:15)
  3 two-headed ogre zombies
  A warg zombie (Orc:2)
  A centaur zombie (D:12)
  3 killer bee zombies (D:10)
  3 ogre skeletons (Orc:2)
  9 ogre zombies
  12 orc zombies
  A steam dragon zombie (Lair:4)
  A vampire mosquito zombie (D:12)
  3 yak zombies
  114 fungi
  339 plants
  5 starspawn tentacles
  9 tentacles (Shoals:4)
  A withered plant (Desolation)
810 creatures vanquished.

Grand Total: 3985 creatures vanquished

Notes
Turn   | Place    | Note
-------+----------+-------------------------------------------
     0 | D:1      | emperorscorpion the Djinni Summoner began the quest for the
                  | Orb.
     0 | D:1      | Reached XP level 1. HP: 15/15 MP: 0/0
   414 | D:1      | Reached XP level 2. HP: 7/21 MP: 0/0
  1487 | D:1      | Reached XP level 3. HP: 24/26 MP: 0/0
  1487 | D:1      | Learned a level 1 spell: Pain
  2418 | D:2      | Noticed Sigmund
  2473 | D:2      | Killed Sigmund
  2474 | D:2      | Reached skill level 5 in Spellcasting
  2474 | D:2      | Reached XP level 4. HP: 9/31 MP: 0/0
  2474 | D:2      | Reached XP level 5. HP: 10/36 MP: 0/0
  2474 | D:2      | Learned a level 2 spell: Passwall
  2474 | D:2      | Reached XP level 6. HP: 12/41 MP: 0/0
  2713 | D:2      | Noticed Terence
  2751 | D:2      | Killed Terence
  3521 | D:3      | Found a stormy altar of Qazlal.
  3942 | D:3      | Noticed a moth of wrath
  3944 | D:3      | Found a bloodstained altar of Trog.
  3950 | D:3      | Reached skill level 1 in Fighting
  3968 | D:3      | Killed a moth of wrath
  3969 | D:3      | Reached skill level 1 in Polearms
  3969 | D:3      | Reached skill level 6 in Spellcasting
  3969 | D:3      | Reached XP level 7. HP: 41/47 MP: 0/0
  3969 | D:3      | Learned a level 2 spell: Wereblood
  4078 | D:3      | Noticed Robin
  4092 | D:3      | Killed Robin
  4896 | D:4      | Reached XP level 8. HP: 48/52 MP: 0/0
  5074 | D:5      | Entered Level 5 of the Dungeon
  5208 | D:5      | Reached skill level 1 in Shields
  6009 | D:6      | Found a staircase to the Ecumenical Temple.
  6016 | Temple   | Entered the Ecumenical Temple
  6152 | Temple   | Became a worshipper of Yredelemnul the Dark
  6627 | D:6      | Reached XP level 9. HP: 48/58 MP: 0/0
  6627 | D:6      | Learned a level 4 spell: Airstrike
  6700 | D:6      | Reached skill level 7 in Spellcasting
  7845 | D:7      | Noticed a boulder beetle
  7859 | D:7      | Reached skill level 5 in Armour
  7924 | D:7      | Killed a boulder beetle
  8177 | D:7      | Reached XP level 10. HP: 56/64 MP: 0/0
  8310 | D:7      | Reached * piety under Yredelemnul
  8319 | D:7      | Reached skill level 8 in Spellcasting
 10146 | D:8      | Noticed Maurice
 10179 | D:8      | Killed Maurice
 10691 | D:8      | Reached skill level 9 in Spellcasting
 10907 | D:8      | Reached ** piety under Yredelemnul
 11195 | D:9      | Reached XP level 11. HP: 61/69 MP: 0/0
 11195 | D:9      | Learned a level 4 spell: Olgreb's Toxic Radiance
 11262 | D:9      | Found a staircase to the Lair.
 11858 | D:9      | Found Seocwud's Evil Emporium.
 12223 | D:9      | Reached skill level 10 in Spellcasting
 12341 | D:9      | Identified the ring "Niycitut" {Contam rC+++ Will+ Str+3
                  | Int+3}
 12474 | D:9      | Identified the +1 scale mail of Tomorrow {rF+ MP+9 Dex+2}
 12686 | D:10     | Entered Level 10 of the Dungeon
 12759 | D:10     | Noticed Snorg
 12767 | D:10     | Killed Snorg
 13136 | D:10     | Noticed a two-headed ogre
 13153 | D:10     | Killed a two-headed ogre
 13216 | D:10     | Reached *** piety under Yredelemnul
 13217 | D:10     | Reached skill level 11 in Spellcasting
 13343 | D:10     | Noticed a minotaur
 13356 | D:10     | Reached skill level 5 in Polearms
 13357 | D:10     | Killed a minotaur
 13604 | D:10     | Reached XP level 12. HP: 56/76 MP: 0/0
 13699 | D:10     | Noticed a two-headed ogre
 13710 | D:10     | Killed a two-headed ogre
 13801 | D:10     | Found a broken altar of Ashenzari.
 13805 | D:10     | Found an opulent altar of Gozag.
 14979 | D:11     | Reached skill level 12 in Spellcasting
 15190 | D:12     | Noticed a two-headed ogre
 15190 | D:12     | Noticed a boulder beetle
 15200 | D:12     | Killed a two-headed ogre
 15207 | D:12     | Killed a boulder beetle
 15577 | D:12     | Noticed a seven-headed hydra
 15587 | D:12     | Killed a seven-headed hydra
 15615 | D:12     | Noticed a centaur warrior
 15638 | D:12     | Killed a centaur warrior
 15639 | D:12     | Reached skill level 1 in Invocations
 15981 | D:12     | Reached skill level 5 in Shields
 16503 | D:12     | Found a staircase to the Orcish Mines.
 16515 | D:12     | Reached **** piety under Yredelemnul
 16814 | Orc:1    | Entered Level 1 of the Orcish Mines
 16822 | Orc:1    | Reached skill level 13 in Spellcasting
 16830 | Orc:1    | Reached XP level 13. HP: 69/83 MP: 0/0
 16830 | Orc:1    | Learned a level 5 spell: Fireball
 16844 | Orc:1    | Received a gift from Yredelemnul (a mummy)
 17170 | Orc:1    | Found a burning altar of Makhleb.
 17268 | Orc:2    | Entered Level 2 of the Orcish Mines
 17504 | Orc:2    | Received a gift from Yredelemnul (a wight)
 17518 | Orc:2    | Reached ***** piety under Yredelemnul
 17524 | Orc:2    | Found a staircase to the Elven Halls.
 17535 | Orc:2    | Noticed an ogre mage
 17578 | Orc:2    | Killed an ogre mage
 17932 | Orc:2    | Noticed an ogre mage
 17937 | Orc:2    | Killed an ogre mage
 17938 | Orc:2    | Reached skill level 14 in Spellcasting
 17978 | Orc:2    | Noticed an ogre mage
 17980 | Orc:2    | Killed an ogre mage
 18046 | Orc:2    | Reached XP level 14. HP: 43/89 MP: 0/0
 18387 | Orc:2    | Received a gift from Yredelemnul (a wraith)
 18488 | Orc:2    | Found Xonoul's Jewellery Emporium.
 18488 | Orc:2    | Found Quad's General Store.
 18489 | Orc:2    | Found Qatynt's Assorted Antiques.
 18489 | Orc:2    | Found Vienneh's Book Emporium.
 18499 | Orc:2    | Bought a lumpy garnet amulet for 205 gold pieces
 18499 | Orc:2    | Bought a slimy dagger for 287 gold pieces
 18499 | Orc:2    | Identified the +7 dagger "Enumixte" {antimagic, Int+6
                  | Dex-5} (You bought it in a shop on level 2 of the Orcish
                  | Mines)
 18501 | Orc:2    | Bought an amulet of faith for 480 gold pieces
 18502 | Orc:2    | Bought a +2 cloak for 247 gold pieces
 19082 | Lair:1   | Entered Level 1 of the Lair of Beasts
 19114 | Lair:1   | Reached skill level 5 in Invocations
 20215 | Lair:2   | Found a dark tunnel.
 20224 | Volcano  | Entered a volcano
 20229 | Volcano  | Received a gift from Yredelemnul (a mummy)
 21342 | Volcano  | Received a gift from Yredelemnul (a vampire)
 21866 | Lair:2   | Found a runed translucent door.
 21867 | Lair:2   | Found a shimmering altar of Xom.
 21867 | Lair:2   | Noticed Dehudo's ghost (journeyman TrCK)
 21884 | Lair:2   | Killed Dehudo's ghost
 21885 | Lair:2   | Reached skill level 15 in Spellcasting
 22354 | Lair:3   | Received a gift from Yredelemnul (a wraith)
 22360 | Lair:3   | Received a gift from Yredelemnul (4 flying skulls)
 22880 | Lair:3   | Received a gift from Yredelemnul (a wraith)
 23324 | Lair:3   | Found a staircase to the Shoals.
 23753 | Lair:4   | Identified the +0 chain mail "Lacaudwi" {Dex+2}
 23815 | Lair:4   | Received a gift from Yredelemnul (4 flying skulls)
 24424 | Lair:4   | Found a hole to the Spider Nest.
 24518 | Lair:4   | Reached XP level 15. HP: 85/94 MP: 0/0
 24518 | Lair:4   | Learned a level 6 spell: Simulacrum
 25167 | Lair:5   | Received a gift from Yredelemnul (a vampire)
 25563 | Lair:5   | Noticed Rupert
 25568 | Lair:5   | Killed Rupert
 25715 | Lair:5   | Reached ****** piety under Yredelemnul
 26357 | Lair:5   | Identified the ring "Seujokh" {rN+ Int+6 Dex+4}
 26852 | Lair:6   | Entered Level 6 of the Lair of Beasts
 27039 | Lair:6   | Received a gift from Yredelemnul (a phantasmal warrior)
 27047 | Lair:6   | Reached skill level 16 in Spellcasting
 27188 | Lair:6   | Found a runed translucent door.
 27492 | Lair:6   | Received a gift from Yredelemnul (a wraith)
 28246 | Lair:6   | Found a staircase to the Slime Pits.
 28263 | Lair:6   | Received a gift from Yredelemnul (a wraith)
 29753 | Lair:6   | Received a gift from Yredelemnul (a wraith)
 29930 | Lair:6   | Identified the +1 leather armour of Makhleb's Indignation
                  | {rN+ Str+2}
 30394 | Spider:1 | Entered Level 1 of the Spider Nest
 30464 | Spider:1 | Received a gift from Yredelemnul (a ghoul)
 30480 | Spider:1 | Reached XP level 16. HP: 44/101 MP: 0/0
 30484 | Spider:1 | Received a gift from Yredelemnul (a ghoul)
 30504 | Spider:1 | Received a gift from Yredelemnul (a skeletal warrior)
 31116 | Spider:1 | Reached skill level 17 in Spellcasting
 31816 | Spider:2 | Reached skill level 10 in Invocations
 32345 | Spider:2 | Received a gift from Yredelemnul (a phantasmal warrior)
 33035 | Spider:3 | Received a gift from Yredelemnul (a ghoul)
 33557 | Spider:3 | Received a gift from Yredelemnul (a profane servitor)
 33557 | Spider:3 | Received a gift from Yredelemnul (a vampire knight)
 34526 | Spider:3 | Received a gift from Yredelemnul (a vampire knight)
 34988 | Spider:4 | Entered Level 4 of the Spider Nest
 35001 | Spider:4 | Received a gift from Yredelemnul (a vampire knight)
 35018 | Spider:4 | Reached skill level 18 in Spellcasting
 35018 | Spider:4 | Reached XP level 17. HP: 93/105 MP: 0/0
 35018 | Spider:4 | Learned a level 7 spell: Storm Form
 35019 | Spider:4 | Received a gift from Yredelemnul (a bone dragon)
 35561 | Spider:4 | Received a gift from Yredelemnul (a vampire)
 35629 | Spider:4 | Got a gossamer rune of Zot
 35891 | Spider:4 | Received a gift from Yredelemnul (a flayed ghost)
 36274 | Shoals:1 | Entered Level 1 of the Shoals
 38045 | Shoals:1 | Received a gift from Yredelemnul (a vampire)
 38391 | Shoals:2 | Received a gift from Yredelemnul (a vampire knight)
 38488 | Shoals:2 | Reached skill level 19 in Spellcasting
 38814 | Shoals:2 | Noticed Polyphemus
 38817 | Shoals:2 | Killed Polyphemus
 38817 | Shoals:2 | Enslaved Polyphemus
 39855 | Shoals:3 | Received a gift from Yredelemnul (a vampire)
 39855 | Shoals:3 | Reached XP level 18. HP: 56/111 MP: 0/0
 40051 | Shoals:3 | Received a gift from Yredelemnul (a vampire)
 40834 | Shoals:3 | Reached skill level 5 in Fighting
 41312 | Shoals:4 | Entered Level 4 of the Shoals
 41384 | Shoals:4 | Noticed a kraken
 41391 | Shoals:4 | Killed a kraken
 41525 | Shoals:4 | Noticed a kraken
 41531 | Shoals:4 | Noticed a kraken
 41532 | Shoals:4 | Killed a kraken
 41533 | Shoals:4 | Received a gift from Yredelemnul (a vampire knight)
 41540 | Shoals:4 | Killed a kraken
 41545 | Shoals:4 | Received a gift from Yredelemnul (a phantasmal warrior)
 42347 | Shoals:4 | Found Xoar's Distillery.
 42355 | Shoals:4 | Bought a potion of haste for 200 gold pieces
 42355 | Shoals:4 | Bought a potion of curing for 60 gold pieces
 42355 | Shoals:4 | Bought a potion of heal wounds for 100 gold pieces
 42355 | Shoals:4 | Bought a potion of resistance for 200 gold pieces
 42355 | Shoals:4 | Bought a potion of curing for 60 gold pieces
 42355 | Shoals:4 | Bought a potion of heal wounds for 100 gold pieces
 42355 | Shoals:4 | Bought a potion of lignification for 60 gold pieces
 42847 | Shoals:4 | Got a barnacled rune of Zot
 43389 | D:13     | Noticed Josephine
 43393 | D:13     | Killed Josephine
 43757 | D:13     | Found Wynod's Magic Scroll Shop.
 43792 | D:13     | Bought a scroll of acquirement for 936 gold pieces
 43792 | D:13     | Acquired 415 gold pieces
 43853 | D:13     | Received a gift from Yredelemnul (a vampire)
 44518 | D:14     | Found Viyhypoat's Antique Armour Emporium.
 44730 | D:14     | Found a gate to the Vaults.
 45276 | D:14     | Reached XP level 19. HP: 93/120 MP: 0/0
 45276 | D:14     | Learned a level 6 spell: Summon Cactus Giant
 45817 | D:15     | Entered Level 15 of the Dungeon
 45872 | D:15     | Received a gift from Yredelemnul (a ghoul)
 45965 | D:15     | Found a gate leading to a gauntlet.
 45973 | Gauntlet | Entered a Gauntlet
 45973 | Gauntlet | Found a transporter.
 45973 | Gauntlet | Found a transporter.
 46090 | Gauntlet | Found a transporter.
 46094 | Gauntlet | Found a transporter.
 46103 | Gauntlet | Found a transporter.
 46106 | Gauntlet | Found a transporter.
 46114 | Gauntlet | Found a transporter.
 46135 | Gauntlet | Found a transporter.
 46152 | Gauntlet | Found a transporter.
 46156 | Gauntlet | Found a transporter.
 46167 | Gauntlet | Found a transporter.
 46168 | Gauntlet | Found a transporter.
 46319 | Gauntlet | Received a gift from Yredelemnul (a vampire)
 46435 | Gauntlet | Identified the +2 hat of the Great Game {rF+}
 46511 | Gauntlet | Identified the +8 hand axe of Zin's Benevolence {venom,
                  | +Blink Fly rF+++ Dex-2}
 46511 | Gauntlet | Identified the +8 shortbow of Makhleb's Generosity {flame,
                  | rF+}
 46902 | Gauntlet | Found the +10 zealot's sword {holy, *Rage rN+ EV+3}
 47620 | D:15     | Found a staircase to the Depths.
 47743 | D:13     | Bought a scroll of acquirement for 936 gold pieces
 47743 | D:13     | Acquired 922 gold pieces
 48628 | Vaults:1 | Entered Level 1 of the Vaults
 48681 | Vaults:1 | Received a gift from Yredelemnul (a profane servitor)
 48684 | Vaults:1 | Reached skill level 20 in Spellcasting
 48853 | Vaults:1 | Received a gift from Yredelemnul (a vampire knight)
 49191 | Vaults:1 | Reached skill level 15 in Invocations
 50258 | Vaults:1 | Received a gift from Yredelemnul (a vampire knight)
 50919 | Vaults:2 | Received a gift from Yredelemnul (a phantasmal warrior)
 51133 | Vaults:2 | Received a gift from Yredelemnul (a skeletal warrior)
 51592 | Vaults:2 | Received a gift from Yredelemnul (a vampire knight)
 51631 | Vaults:2 | Identified the +8 falchion of the Bespelling Whale {vamp,
                  | Will+}
 52290 | Vaults:2 | Reached XP level 20. HP: 100/130 MP: 0/0
 52424 | Vaults:2 | Noticed Donald
 52430 | Vaults:2 | Killed Donald
 52458 | Vaults:2 | Your ally Donald died
 52727 | Vaults:2 | Received a gift from Yredelemnul (a vampire knight)
 52946 | Vaults:2 | Acquired a manual of Armour
 53284 | Vaults:3 | Reached skill level 10 in Armour
 53290 | Vaults:3 | Received a gift from Yredelemnul (a vampire knight)
 53778 | Vaults:3 | Found a staircase to the Crypt.
 53860 | Vaults:3 | Gained mutation: You possess an exceptional clarity of
                  | mind. [potion of mutation]
 53860 | Vaults:3 | Gained mutation: Your natural rate of healing is unusually
                  | fast. [potion of mutation]
 53860 | Vaults:3 | Gained mutation: You have a pair of small horns on your
                  | head. [potion of mutation]
 53959 | Vaults:3 | Received a gift from Yredelemnul (a ghoul)
 54016 | Vaults:3 | Noticed Margery
 54041 | Vaults:3 | Killed Margery
 54336 | Vaults:3 | Noticed Asterion
 54342 | Vaults:3 | Killed Asterion
 54342 | Vaults:3 | Enslaved Asterion
 54346 | Vaults:3 | Your ally Asterion died
 54421 | Vaults:3 | Received a gift from Yredelemnul (a ghoul)
 54498 | Vaults:3 | Received a gift from Yredelemnul (a skeletal warrior)
 54594 | Vaults:3 | Noticed Jory
 54604 | Vaults:3 | Killed Jory
 54796 | Vaults:3 | Received a gift from Yredelemnul (a bone dragon)
 54859 | Vaults:3 | Noticed an ancient lich
 54869 | Vaults:3 | Killed an ancient lich
 55150 | Vaults:4 | Reached XP level 21. HP: 113/139 MP: 0/0
 55150 | Vaults:4 | Learned a level 8 spell: Infestation
 55155 | Vaults:4 | Found a crumbling gateway.
 55160 | Desolati | Entered the Desolation of Salt
 55173 | Desolati | Received a gift from Yredelemnul (a vampire knight)
 55212 | Desolati | Reached skill level 21 in Spellcasting
 55292 | Desolati | Received a gift from Yredelemnul (a vampire)
 55359 | Desolati | Received a gift from Yredelemnul (a profane servitor)
 55546 | Desolati | Identified the amulet of the Median {Reflect SH+5 Stlth+}
 55564 | Desolati | Received a gift from Yredelemnul (a flayed ghost)
 55622 | Desolati | Identified the +1 leather armour "Miliank" {+Inv rC+}
 55626 | Desolati | Received a gift from Yredelemnul (a vampire knight)
 55673 | Desolati | Identified the amulet "Fotuarro" {Regen+ Int+6}
 55809 | Desolati | Received a gift from Yredelemnul (a vampire knight)
 55863 | Desolati | Reached skill level 10 in Fighting
 55886 | Desolati | Identified the ring "Kinoeb Qexi" {rPois rC+++ rN+ Str+2
                  | Slay+4 Stlth-}
 55927 | Desolati | Received a gift from Yredelemnul (a flayed ghost)
 56291 | Desolati | Identified the +10 hunting sling "Feho" {flame, Str+6}
 56388 | Vaults:4 | Received a gift from Yredelemnul (a skeletal warrior)
 56851 | Vaults:4 | Received a gift from Yredelemnul (a ghoul)
 56859 | Vaults:4 | Received a gift from Yredelemnul (a phantasmal warrior)
 57132 | Vaults:4 | Received a gift from Yredelemnul (a profane servitor)
 57137 | Vaults:4 | Reached XP level 22. HP: 143/148 MP: 0/0
 57360 | Vaults:4 | Received a gift from Yredelemnul (a flayed ghost)
 57880 | Vaults:5 | Entered Level 5 of the Vaults
 57886 | Vaults:5 | Received a gift from Yredelemnul (a vampire)
 57948 | Vaults:5 | Killed an ancient lich
 57951 | Vaults:5 | Reached skill level 22 in Spellcasting
 58020 | Vaults:5 | Received a gift from Yredelemnul (a flayed ghost)
 58140 | Vaults:5 | Identified the +2 lajatang "Danugara" {antimagic, rCorr
                  | Dex+3}
 58150 | Vaults:5 | Noticed a golden dragon
 58155 | Vaults:5 | Killed a golden dragon
 58158 | Vaults:5 | Received a gift from Yredelemnul (a vampire)
 58214 | Vaults:5 | Killed a golden dragon
 58386 | Vaults:5 | Noticed Mara
 58393 | Vaults:5 | Killed Mara
 58393 | Vaults:5 | Enslaved Mara
 58528 | Vaults:5 | Got a silver rune of Zot
 58558 | Vaults:5 | Received a gift from Yredelemnul (a vampire knight)
 59042 | Vaults:5 | Received a gift from Yredelemnul (a skeletal warrior)
 59119 | Vaults:5 | Received a gift from Yredelemnul (a vampire knight)
 59130 | Vaults:5 | Reached XP level 23. HP: 118/155 MP: 0/0
 59130 | Vaults:5 | Learned a level 8 spell: Borgnjor's Revivification
 59377 | Vaults:5 | Noticed a golden dragon
 59382 | Vaults:5 | Killed a golden dragon
 59583 | Vaults:5 | Received a gift from Yredelemnul (a phantasmal warrior)
 59918 | Vaults:5 | Found Muibriasch's Antique Weapon Emporium.
 59929 | Vaults:5 | Bought a translucent flail for 306 gold pieces
 59929 | Vaults:5 | Identified the +3 flail "Yrruishr Asit" {venom, Str+6} (You
                  | bought it in a shop on level 5 of the Vaults)
 60251 | Elf:1    | Entered Level 1 of the Elven Halls
 60258 | Elf:1    | Received a gift from Yredelemnul (a phantasmal warrior)
 60335 | Elf:1    | Received a gift from Yredelemnul (a vampire)
 60442 | Elf:1    | Paralysed by an air elemental for 1 turns
 60493 | Elf:1    | Upgraded the game from 0.28-a0-1038-g9c4cb8273d to
                  | 0.28-a0-1080-g05a166d0ed
 60799 | Elf:1    | Found a portal to a secret trove of treasure.
 61191 | Elf:1    | Identified the +6 war axe "Transmigrator" {vorpal, rPois
                  | rCorr}
 61584 | Elf:2    | Reached skill level 5 in Dodging
 61653 | Elf:2    | Found a runed translucent gate.
 61653 | Elf:2    | Found a runed translucent gate.
 61730 | Elf:2    | Found a runed translucent gate.
 61866 | Elf:2    | Found Keqocot's Weapon Shop.
 61896 | Elf:2    | Paralysed by an air elemental for 1 turns
 61899 | Elf:2    | Noticed Jorgrun
 61905 | Elf:2    | Killed Jorgrun
 62106 | Elf:2    | Identified the amulet "Avvupeaxti" {Acrobat -Tele Str+2
                  | Dex+4 Slay+5}
 62705 | Elf:3    | Entered Level 3 of the Elven Halls
 62730 | Elf:3    | Reached XP level 24. HP: 162/166 MP: 0/0
 62843 | Elf:3    | Reached skill level 23 in Spellcasting
 63009 | Elf:3    | Identified the ring "Limef" {rC+ MP+9 Str+3}
 63023 | Elf:3    | Identified the +1 chain mail of the Stars {rN+ Dex-5
                  | Stlth+}
 63159 | Elf:3    | Identified the ring "Tinaucet" {Str+5 Int+6 Slay-5 SInv
                  | Stlth+}
 63186 | Elf:3    | Acquired a manual of Armour
 63195 | Elf:3    | Identified the ring of Poujimm {rCorr Int+6}
 63204 | Elf:3    | Identified the +1 scimitar "Edec" {flame, Str+3}
 63206 | Elf:3    | Identified the +0 scale mail of the Minstrel {+Inv}
 64370 | Slime:1  | Entered Level 1 of the Pits of Slime
 65257 | Slime:5  | Entered Level 5 of the Pits of Slime
 65377 | Slime:5  | Noticed the Royal Jelly
 65387 | Slime:5  | Your ally Mara died
 65395 | Slime:5  | Killed the Royal Jelly
 65402 | Slime:5  | Your ally the Royal Jelly died
 65579 | Slime:5  | Reached XP level 25. HP: 83/175 MP: 0/0
 65579 | Slime:5  | Learned a level 9 spell: Chain Lightning
 65719 | Slime:5  | Found the ring of Shadows {Umbra +Inv Stlth+}
 65741 | Slime:5  | Identified the +10 longbow "Nemuw" {speed, rElec MP+9}
 65743 | Slime:5  | Got a slimy rune of Zot
 65750 | Slime:5  | Identified the +10 short sword of Domination {drain, Str+3
                  | Dex+9}
 65822 | Slime:5  | Identified the +5 tower shield "Teowutt" {+Blink rF+}
 66503 | Depths:1 | Entered Level 1 of the Depths
 66548 | Depths:1 | Reached skill level 10 in Shields
 66667 | Depths:1 | Found a one-way gate to the infinite horrors of the Abyss.
 66838 | Depths:1 | Identified the +2 hat of Vumeci {Will+ Stlth+}
 66844 | Depths:1 | Identified the +1 robe of the Sparrow {Dex+4}
 66852 | Depths:1 | Identified the +1 robe "Bequreyph" {Rampage rC- rCorr
                  | Str+3}
 66858 | Depths:1 | Identified the +0 hat of the Mackerel {rCorr Str+10 Dex-5}
 67081 | Depths:1 | Found a gateway to Hell.
 67383 | Depths:2 | Noticed Bai Suzhen
 67633 | Depths:2 | Reached skill level 24 in Spellcasting
 67756 | Depths:2 | Found a hazy altar of Hepliaklqana.
 67848 | Depths:2 | Found a one-way gate leading to the halls of Pandemonium.
 68053 | Depths:2 | Noticed Nikola
 68054 | Depths:2 | Reached skill level 15 in Fighting
 68062 | Depths:2 | Killed Nikola
 68607 | Depths:2 | Reached skill level 1 in Evocations
 68609 | Depths:2 | Reached XP level 26. HP: 122/185 MP: 0/0
 68946 | Depths:2 | Killed Bai Suzhen
 69000 | Depths:2 | Found a glowing golden altar of the Shining One.
 69121 | Depths:2 | Your ally Nikola died
 69135 | Depths:2 | Reached skill level 15 in Armour
 69800 | Depths:3 | Found Qaastir's Assorted Antiques.
 69802 | Depths:3 | Found Wuimis's Weapon Shop.
 69802 | Depths:3 | Found Zeushi Mebu's Distillery.
 69807 | Depths:3 | Bought a scroll of teleportation for 96 gold pieces
 69807 | Depths:3 | Found Quxtis's Armour Boutique.
 69860 | Depths:3 | Bought a potion of curing for 51 gold pieces
 69860 | Depths:3 | Bought a potion of invisibility for 136 gold pieces
 69863 | Depths:3 | Bought a +3 scale mail of cold resistance for 598 gold
                  | pieces
 71282 | Depths:4 | Entered Level 4 of the Depths
 71288 | Depths:4 | Noticed an ancient lich
 71292 | Depths:4 | Killed an ancient lich
 71445 | Depths:4 | Found a gateway to a ziggurat.
 71521 | Depths:4 | Reached skill level 25 in Spellcasting
 71580 | Depths:4 | Found a flickering gateway to a bazaar.
 71598 | Bazaar   | Entered a bazaar
 71598 | Bazaar   | Found Qapu's Book Shop.
 71598 | Bazaar   | Found Kioda's Distillery.
 71598 | Bazaar   | Found Xulafir's Assorted Antiques.
 71598 | Bazaar   | Found Pyck's Weapon Boutique.
 71598 | Bazaar   | Found Ziupla's Weapon Shop.
 71663 | Bazaar   | Bought a potion of curing for 21 gold pieces
 71663 | Bazaar   | Bought a potion of heal wounds for 35 gold pieces
 71663 | Bazaar   | Bought a potion of heal wounds for 35 gold pieces
 71663 | Bazaar   | Bought a potion of curing for 21 gold pieces
 71663 | Bazaar   | Bought a potion of haste for 70 gold pieces
 71671 | Bazaar   | Bought a scroll of teleportation for 48 gold pieces
 71671 | Bazaar   | Bought a scroll of blinking for 120 gold pieces
 71671 | Bazaar   | Bought a runed plate armour for 416 gold pieces
 72419 | Depths:4 | Found the ring of the Octopus King {AC+1 EV+1 Str+1 Int+1
                  | Dex+1 SInv}
 72495 | Depths:4 | Reached XP level 27. HP: 169/193 MP: 0/0
 72495 | Depths:4 | Learned a level 9 spell: Polar Vortex
 72576 | Depths:4 | Identified the +8 flail "Ynkoosakk" {flame, *Noise rN+
                  | Str+3 Dex+2}
 72900 | Depths:4 | Found a gate to the Realm of Zot.
 73385 | Orc:1    | Fell from the grace of Yredelemnul
 73385 | Orc:1    | Became a worshipper of Makhleb the Destroyer
 73539 | Depths:1 | Voluntarily entered the Abyss.
 73690 | Abyss:1  | Reached skill level 10 in Dodging
 73908 | Abyss:2  | Reached * piety under Makhleb
 73976 | Abyss:3  | Found a corrupted altar of Lugonu.
 74211 | Abyss:3  | Reached ** piety under Makhleb
 74406 | Abyss:3  | Reached *** piety under Makhleb
 74540 | Abyss:3  | Found a corrupted altar of Lugonu.
 74608 | Abyss:3  | Found a corrupted altar of Lugonu.
 74645 | Abyss:3  | Reached **** piety under Makhleb
 74715 | Abyss:3  | Found a corrupted altar of Lugonu.
 74743 | Abyss:3  | Reached skill level 26 in Spellcasting
 74901 | Abyss:4  | Acquired 1135 gold pieces
 74918 | Abyss:5  | Entered Level 5 of the Abyss
 75002 | Abyss:5  | Found a corrupted altar of Lugonu.
 75003 | Abyss:5  | Reached ***** piety under Makhleb
 75009 | Abyss:5  | Got an abyssal rune of Zot
 75015 | Depths:1 | Escaped the Abyss
 75126 | Zot:1    | Entered Level 1 of the Realm of Zot
 75423 | Zot:1    | Identified the +8 war axe of Tortfeasance {freeze, rN+
                  | Int+3 Dex+4}
 75922 | Zot:2    | Reached ****** piety under Makhleb
 76733 | Zot:2    | Noticed an orb of fire
 76733 | Zot:2    | Gained mutation: Armour fits poorly on your strangely
                  | shaped body. [an orb of fire]
 76736 | Zot:2    | Killed an orb of fire
 78552 | Zot:3    | Reached skill level 27 in Spellcasting
 78590 | Zot:3    | Noticed a Killer Klown
 78592 | Zot:3    | Killed a Killer Klown
 78855 | Zot:3    | Identified the +2 scale mail of Ysomaoce {Fly Regen+ Str-3
                  | Int-2}
 79000 | Zot:3    | Lost mutation: You possess an exceptional clarity of mind.
                  | [potion of mutation]
 79000 | Zot:3    | Lost mutation: Armour fits poorly on your strangely shaped
                  | body. [potion of mutation]
 79000 | Zot:3    | Gained mutation: You sometimes lose the ability to read
                  | scrolls when taking damage. [potion of mutation]
 79000 | Zot:3    | Gained mutation: Your flesh is almost immune to the effects
                  | of heat. (rF+++) [potion of mutation]
 79001 | Zot:3    | Lost mutation: You have a pair of small horns on your head.
                  | [potion of mutation]
 79001 | Zot:3    | Lost mutation: You sometimes lose the ability to read
                  | scrolls when taking damage. [potion of mutation]
 79001 | Zot:3    | Gained mutation: You are strong-willed. (Will+) [potion of
                  | mutation]
 79656 | Zot:3    | Identified the +2 scale mail of the Gusle {rPois Will+}
 79842 | Zot:4    | Identified the +2 shortbow of the Dancing Lamprey {flame,
                  | Drain rElec Int+6 SInv}
 79939 | Zot:4    | Reached skill level 5 in Stealth
 79970 | Zot:4    | Found a glowing golden altar of the Shining One.
 80766 | Zot:5    | Entered Level 5 of the Realm of Zot
 81201 | Zot:5    | Noticed a Killer Klown
 81206 | Zot:5    | Killed a Killer Klown
 81234 | Zot:5    | Noticed a dread lich
 81236 | Zot:5    | Noticed an orb of fire
 81236 | Zot:5    | Noticed a dread lich
 81238 | Zot:5    | Killed a dread lich
 81238 | Zot:5    | Killed a dread lich
 81239 | Zot:5    | Gained mutation: Your spells are a little easier to cast,
                  | but a little less powerful. [an orb of fire]
 81239 | Zot:5    | Noticed an orb of fire
 81240 | Zot:5    | Killed an orb of fire
 81242 | Zot:5    | Killed an orb of fire
 81242 | Zot:5    | Noticed a dread lich
 81243 | Zot:5    | Noticed an orb of fire
 81243 | Zot:5    | Noticed a Killer Klown
 81244 | Zot:5    | Noticed a Killer Klown
 81245 | Zot:5    | Killed a dread lich
 81245 | Zot:5    | Gained mutation: Your body sometimes deteriorates upon
                  | taking damage. [an orb of fire]
 81246 | Zot:5    | Killed an orb of fire
 81246 | Zot:5    | Killed a Killer Klown
 81249 | Zot:5    | Killed a Killer Klown
 81269 | Zot:5    | Noticed an orb of fire
 81271 | Zot:5    | Killed an orb of fire
 81274 | Zot:5    | Noticed an orb of fire
 81278 | Zot:5    | Killed an orb of fire
 81321 | Zot:5    | Noticed a Killer Klown
 81326 | Zot:5    | Killed a Killer Klown
 81381 | Zot:5    | Reached skill level 15 in Dodging
 81424 | Zot:5    | Noticed an orb of fire
 81428 | Zot:5    | Killed an orb of fire
 81437 | Zot:5    | Noticed an ancient lich
 81445 | Zot:5    | Killed an ancient lich
 81506 | Zot:5    | Noticed an orb of fire
 81507 | Zot:5    | Gained mutation: You are dopey. (Int -2) [an orb of fire]
 81512 | Zot:5    | Killed an orb of fire
 81522 | Zot:5    | Noticed an orb of fire
 81526 | Zot:5    | Killed an orb of fire
 81576 | Zot:5    | Noticed an ancient lich
 81580 | Zot:5    | Killed an ancient lich
 81608 | Zot:5    | Noticed an ancient lich
 81611 | Zot:5    | Killed an ancient lich
 82157 | D:15     | Was forgiven by Yredelemnul
 82372 | Crypt:1  | Entered Level 1 of the Crypt
 82425 | Crypt:1  | Lost mutation: Your body sometimes deteriorates upon taking
                  | damage. [potion of mutation]
 82425 | Crypt:1  | Lost mutation: Your flesh is almost immune to the effects
                  | of heat. (rF+++) [potion of mutation]
 82425 | Crypt:1  | Lost mutation: You are dopey. (Int -2) [potion of mutation]
 82425 | Crypt:1  | Gained mutation: You are dopey. (Int -2) [potion of
                  | mutation]
 82425 | Crypt:1  | Gained mutation: You expend health (3 HP) to strengthen
                  | your wands. [potion of mutation]
 82425 | Crypt:1  | Gained mutation: You passively map a small area around you.
                  | [potion of mutation]
 82426 | Crypt:1  | Lost mutation: You expend health (3 HP) to strengthen your
                  | wands. [potion of mutation]
 82426 | Crypt:1  | Lost mutation: Your spells are a little easier to cast, but
                  | a little less powerful. [potion of mutation]
 82426 | Crypt:1  | Gained mutation: You have a pair of small horns on your
                  | head. [potion of mutation]
 82427 | Crypt:1  | Lost mutation: You have a pair of small horns on your head.
                  | [potion of mutation]
 82427 | Crypt:1  | Lost mutation: You passively map a small area around you.
                  | [potion of mutation]
 82427 | Crypt:1  | Lost mutation: You are dopey. (Int -2) [potion of mutation]
 82427 | Crypt:1  | Gained mutation: You are covered in fur. (AC +1) [potion of
                  | mutation]
 82427 | Crypt:1  | Gained mutation: Your mind is acute. (Int +2) [potion of
                  | mutation]
 83865 | Crypt:3  | Entered Level 3 of the Crypt
 84029 | Crypt:3  | Noticed an ancient lich
 84037 | Crypt:3  | Killed an ancient lich
 84093 | Crypt:3  | Identified the ring "Saupt" {rPois rN+ Int+3}
 84093 | Crypt:3  | Identified the ring of Virtue {rN+ SInv}
 84115 | Crypt:3  | Identified the amulet of Wyrche {Reflect rPois Dex+2 Slay+3
                  | SH+5}
 84587 | Crypt:3  | Found a staircase to the Tomb.
 85940 | Tomb:1   | Entered Level 1 of the Tomb of the Ancients
 86104 | Tomb:1   | Noticed a royal mummy
 86109 | Tomb:1   | Killed a royal mummy
 86174 | Tomb:1   | Identified the +6 long sword of the Thieving Queen {vorpal,
                  | Fragile rElec rF+ rCorr}
 86651 | Tomb:1   | Reached skill level 15 in Shields
 87004 | Tomb:1   | Noticed a royal mummy
 87008 | Tomb:1   | Killed a royal mummy
 87217 | Tomb:1   | Noticed a royal mummy
 87221 | Tomb:1   | Killed a royal mummy
 87406 | Tomb:2   | Noticed a royal mummy
 87408 | Tomb:2   | Noticed a royal mummy
 87418 | Tomb:2   | Killed a royal mummy
 87420 | Tomb:2   | Noticed a royal mummy
 87422 | Tomb:2   | Killed a royal mummy
 87424 | Tomb:2   | Noticed a royal mummy
 87425 | Tomb:2   | Killed a royal mummy
 87431 | Tomb:2   | HP: 1/197 [arc of chain lightning (18)]
 87431 | Tomb:2   | Killed a royal mummy
 87830 | Tomb:2   | Reached skill level 1 in Long Blades
 87881 | Tomb:1   | Noticed a royal mummy
 87883 | Tomb:1   | Killed a royal mummy
 87893 | Tomb:1   | Noticed a royal mummy
 87897 | Tomb:1   | Killed a royal mummy
 87954 | Tomb:1   | Noticed a royal mummy
 87957 | Tomb:1   | Killed a royal mummy
 88015 | Tomb:1   | Noticed a royal mummy
 88021 | Tomb:1   | Killed a royal mummy
 88102 | Tomb:1   | Noticed a royal mummy
 88107 | Tomb:1   | Killed a royal mummy
 88169 | Tomb:1   | Noticed a royal mummy
 88174 | Tomb:1   | Killed a royal mummy
 88193 | Tomb:1   | Noticed a royal mummy
 88198 | Tomb:1   | Killed a royal mummy
 88417 | Tomb:1   | Noticed a royal mummy
 88421 | Tomb:1   | Killed a royal mummy
 88665 | Tomb:1   | Noticed a royal mummy
 88669 | Tomb:1   | Killed a royal mummy
 88931 | Tomb:1   | Noticed a royal mummy
 88935 | Tomb:1   | Killed a royal mummy
 89027 | Tomb:1   | Noticed a royal mummy
 89031 | Tomb:1   | Killed a royal mummy
 89154 | Tomb:2   | Identified the +1 chain mail "Lukiol" {*Slow rPois Int+5
                  | Dex+3}
 89158 | Tomb:2   | Reached skill level 5 in Long Blades
 89357 | Tomb:3   | Entered Level 3 of the Tomb of the Ancients
 89412 | Tomb:3   | Noticed a royal mummy
 89416 | Tomb:3   | Killed a royal mummy
 89423 | Tomb:3   | Noticed a royal mummy
 89424 | Tomb:3   | Noticed a royal mummy
 89426 | Tomb:3   | Noticed a royal mummy
 89501 | Tomb:3   | Killed a royal mummy
 89503 | Tomb:3   | Noticed a royal mummy
 89504 | Tomb:3   | Killed a royal mummy
 89632 | Tomb:3   | Noticed a royal mummy
 89642 | Tomb:3   | HP: 8/198 [something (16)]
 89642 | Tomb:3   | Noticed a royal mummy
 89660 | Tomb:3   | Killed a royal mummy
 89664 | Tomb:3   | Killed a royal mummy
 89672 | Tomb:3   | Noticed Khufu
 89678 | Tomb:3   | Killed a royal mummy
 89727 | Tomb:3   | Noticed a royal mummy
 89729 | Tomb:3   | Killed a royal mummy
 89781 | Tomb:3   | Killed a royal mummy
 89941 | Tomb:3   | Identified the amulet "Obompam" {Acrobat rF+ rC+ rCorr
                  | Str+2}
 89946 | Tomb:3   | Identified the ring "Toduadae" {rElec rC+ Will+}
 89951 | Tomb:3   | Identified the +5 trident "Faextiuh" {holy, rCorr Str+3}
 89963 | Tomb:3   | Identified the amulet "Bar Keig" {Spirit Stlth+}
 89986 | Tomb:3   | Identified the ring "Noipseung" {Ice rElec Int+3}
 90053 | Tomb:3   | Got a golden rune of Zot
 90150 | Tomb:3   | Identified the +6 scimitar of Xaduakaa {speed, rC+ Dex+3}
 90981 | Zot:5    | Got the Orb of Zot
 91544 | D:$      | Escaped with the Orb!

Illustrated notes

Levels and vault maps discovered:
D:1:      mrwooster_arrival_arrow, layout_basic, minmay_three_crescents
D:2:      layout_rooms, minmay_close_crescents, uniq_terence, uniq_sigmund
D:3:      layout_basic, tgw_trog, lemuel_doored_altar, uniq_robin
D:4:      layout_rooms
D:5:      layout_basic, grunt_decor_mini_mirrors, hangedman_decor_slide_cut
D:6:      layout_layer_cave, minmay_temple_entry_stoned_glass
D:7:      nzn_winding_woodlands_medium [nzn_winding_woodlands_5x5_three,
          nzn_winding_woodlands_5x15_cabin, nzn_winding_woodlands_5x5_default,
          nzn_winding_woodlands_5x5_open_star,
          nzn_winding_woodlands_center_lodge, nzn_winding_woodlands_hourglass,
          nzn_winding_woodlands_5x5_cross,
          nzn_winding_woodlands_5x15_concentric,
          nzn_winding_woodlands_5x5_perimeter], layout_loops_ring
D:8:      layout_cave_pods, serial_column_ruins, column_ruins_open_tiny,
          column_ruins_columns_water, column_ruins_grid_1, column_ruins_grid_3,
          column_ruins_open_tiny, column_ruins_corridor_dead_end,
          column_ruins_open_small, uniq_maurice
D:9:      minmay_recursive_quarters, layout_layer_cave, lair_entry_dummy,
          minmay_misc_feat_tiny, nicolae_evil_shop
D:10:     layout_irregular_city, grunt_temple_overflow_diamond, uniq_snorg
D:11:     layout_grid_maze
D:12:     layout_basic, kennysheep_orc_monster_closet_entryway
D:13:     layout_loops_ring, serial_shops, shop, enter_bailey_5, uniq_josephine
D:14:     layout_basic, erik_vaults_1, kennysheep_path_1, serial_shops,
          nicolae_shop_advertising_works [nicolae_subvault_shop_adworks]
D:15:     grunt_enter_depths_hoard, layout_long_grid, gauntlet_entry_generic,
          minmay_misc_feat_more_columns
Temple:   minmay_crystal_spiral_temple
Lair:1:   layout_gridlike
Lair:2:   layout_hall_layers, ebering_ghost_xom, enter_volcano_1,
          infiniplex_staircase_pool_2
Lair:3:   layout_small_grid, minmay_shoals_entry_lonely_mermaid
Lair:4:   layout_regular_city, nicolae_spider_entry_tight_spaces,
          grunt_megastairs_5, serial_bayou_shore_b, lemuel_fruit_fields
Lair:5:   layout_regular_city, grunt_megastairs_3, uniq_rupert
Lair:6:   wormcave, layout_layer_cave, hangedman_lair_in_review,
          minmay_slime_entry_oklob_open, minivault_19
Shoals:1: layout_shoals, st_shoals_ruin
Shoals:2: layout_shoals, uniq_polyphemus
Shoals:3: layout_shoals
Shoals:4: shoals_end_hangedman, layout_shoals, serial_shops, shop
Spider:1: layout_spider_delve
Spider:2: layout_spider_delve
Spider:3: layout_chambers, nicolae_spider_cling_halls
Spider:4: grunt_spider_rune_circles
Slime:1:  layout_caves, nicolae_slime_barrier
Slime:2:  layout_caves, cheibrodos_slime_lost_civilization_6
Slime:3:  layout_caves
Slime:4:  layout_caves, basic_altar
Slime:5
Orc:1:    layout_caves, basic_altar
Orc:2:    st_orc_ogre_mass, layout_diamond_mine
Elf:1:    minmay_elf_arrival_plus, layout_loops_corners,
          nicolae_trove_entry_crossroad, hangedman_elf_represent,
          nicolae_elf_w_pinch, drop_trap, nicolae_elf_big_sculpture_1,
          item_on_display_a
Elf:2:    nicolae_elf_blades_splatter_lattice [grunt_blade_entry_basic],
          layout_geoelf_octagon, serial_shops,
          nicolae_shop_bloodbath_and_beyond, uniq_jorgrun
Elf:3:    minmay_elf_hall_statues, layout_geoelf_diagonals, serial_sigils,
          serial_sigils_hangedman_shear, serial_sigils_hangedman_carve,
          serial_sigils_hangedman_clutch, serial_sigils_hangedman_shear,
          serial_sigils_hangedman_gut, fountainhead, hangedman_feature_mirror
Vaults:1: nicolae_vaults_back_hallway, v_misc_15, hangedman_vaults_variations,
          nicolae_vaults_circle_grid_a, nicolae_vaults_network_periphery,
          v_alt_pattern_1, v_misc_23, nicolae_vaults_network_s,
          nicolae_vaults_yaktaur_gun_rack, vaults_mumra_minichess,
          nicolae_vaults_specimen_jars, vaults_room_hallway,
          layout_vaults_omnicross
Vaults:2: nicolae_vaults_alarming, vaults_room_hallway, vaults_standard_mumra_x,
          nicolae_vaults_network_quincunx
          [nicolae_vaults_network_quincunx_subvault,
          nicolae_vaults_network_quincunx_subvault,
          nicolae_vaults_network_quincunx_subvault,
          nicolae_vaults_network_quincunx_subvault,
          nicolae_vaults_network_quincunx_subvault], vaults_dpeg_encased_lava,
          nicolae_vaults_little_squares_1, hangedman_vaults_stretched_pinwheel,
          v_misc_11, v_pattern_4, v_misc_28, ontoclasm_vaults_idyll,
          vaults_mumra_lcd, ontoclasm_vaults_ring_large, layout_vaults_omnibox,
          uniq_donald
Vaults:3: minmay_crypt_entry_simple_sparse, vaults_room_corners,
          special_room_vaults [special_room_orc],
          nicolae_vaults_little_squares_4, nicolae_vaults_twisting_passages,
          grunt_vaults_funnel, hangedman_vaults_corner_blocks,
          ontoclasm_vaults_ligature, nicolae_vaults_three_branches,
          grunt_vaults_swirl, v_misc_32, nicolae_vaults_circle_grid_b,
          ontoclasm_vaults_fault, nicolae_vaults_ring_of_whatevers,
          nicolae_vaults_gold_heap, nicolae_vaults_little_squares_3,
          layout_vaults_maze_bifur, uniq_jory, uniq_asterion, uniq_margery
Vaults:4: portal_desolation_entry_salt, nicolae_vaults_network_quinsquares
          [nicolae_vaults_network_quincunx_subvault,
          nicolae_vaults_network_quincunx_subvault,
          nicolae_vaults_network_quincunx_subvault,
          nicolae_vaults_network_quincunx_subvault], nicolae_vaults_asterisk,
          vaults_room_boxed, nicolae_vaults_statue_guard,
          nicolae_vaults_what_the_h, vaults_mumra_minichess_inversion,
          ontoclasm_vaults_idyll, ontoclasm_vaults_ring_large,
          nicolae_vaults_puzzle_piece, v_misc_23,
          nicolae_vaults_ring_of_whatevers, nicolae_vaults_mini_display_case,
          layout_vaults_ring
Vaults:5: uniq_mara
Crypt:1:  layout_chaotic_city, serial_glass, glass_columns_c, glass_columns_b,
          glass_columns_a, glass_columns_b, glass_columns_a,
          grunt_crypt_arrival_guarded_gate
Crypt:2:  layout_misc_corridors, grunt_megastairs_1, lemuel_upstairs_altar
Crypt:3:  david_glass_crypt, layout_basic,
          nicolae_tomb_entry_unfolded_pyramid_diagonal,
          small_statue_intersection, st_stairs_10
Tomb:1
Tomb:2
Tomb:3
Depths:1: layout_cave_pools, hell_entry, serial_column_ruins,
          column_ruins_square_small, column_ruins_open_tiny,
          column_ruins_grid_2, column_ruins_columns_straight,
          column_ruins_open_large, column_ruins_grid_1,
          column_ruins_corridor_corner, column_ruins_open_medium, abyss_entry,
          grunt_tower_of_power, serial_bayou_shore_b
Depths:2: minmay_the_grid_square_5x5_4x4 [minmay_the_grid_square_5x5_bridge,
          minmay_the_grid_square_5x5_minimal,
          minmay_the_grid_square_5x5_broken_cross,
          minmay_the_grid_square_5x5_dogpile,
          minmay_the_grid_square_5x5_inverted_slash,
          minmay_the_grid_square_5x5_prize_junk,
          minmay_the_grid_square_5x5_prize_gold,
          minmay_the_grid_square_5x5_three_walls,
          minmay_the_grid_square_5x5_detours,
          minmay_the_grid_square_5x5_prize_deathbox,
          minmay_the_grid_square_5x5_prize_monsterx,
          minmay_the_grid_square_5x5_n, minmay_the_grid_square_5x5_corner,
          minmay_the_grid_square_5x5_seven, minmay_the_grid_square_5x5_tie,
          minmay_the_grid_square_5x5_doubleslash], layout_gridville,
          abyss_entry_glasseish, tso_altar, grunt_pan_entry_zigzag, hell_entry,
          worldfamousw_hep_ancestral_shrine, infiniplex_staircase_spiral,
          uniq_bai_suzhen, uniq_nikola
Depths:3: minmay_skeletal_surprise, layout_gridlike,
          hangedman_tar_grid_catacomb, kennysheep_minor_cross,
          minmay_room_of_horrors, grunt_pan_entry_in_and_out, minmay_shoptagon,
          minmay_staircase_windowed_large
Depths:4: grunt_zot_entry_hairpin, layout_gridlike, enter_ziggurat_c,
          serial_bayou_ford_a, serial_shops, bzr_entry_gold, grunt_hell_horde,
          hangedman_abyss_entry_splay, minmay_fire_ice_demons
Zot:1:    layout_basic
Zot:2:    layout_twisted_circle, st_stairs_10
Zot:3:    layout_basic, st_stairs_6, st_single_dragon_hoard_3
Zot:4:    nicolae_zot_draconian_monastery, layout_cellular_growth
Zot:5:    layout_gridlike

Skill      XL: |  1  2  3  4  5  6  7  8  9 10 11 12 13 14 15 16 17 18 19 20 21 22 23 24 25 26 27 |
---------------+----------------------------------------------------------------------------------+-----
Dodging        | 3 6 7 9 20 | 20.1
Spellcasting   | 5 6 7 9 11 13 14 15 16 18 19 20 21 22 23 24 25 27 | 27.0
Fighting       | 1 2 3 4 6 7 9 10 11 12 14 15 16 17 | 17.8
Polearms       | 1 3 4 5 |  5.9
Armour         | 2 3 5 6 7 8 9 10 12 13 14 16 25 | 25.1
Shields        | 2 3 4 5 6 7 8 9 10 11 16 | 16.1
Invocations    | 1 4 7 9 10 12 14 15 17 18 19 20 | 20.9
Stealth        | 2 9 |  9.0
Evocations     | 1 |  1.7
Long Blades    | 8 |  8.4
Staves         | |  0.2

Action                   |  1- 3 |  4- 6 |  7- 9 | 10-12 | 13-15 | 16-18 | 19-21 | 22-24 | 25-27 || total
-------------------------+-------+-------+-------+-------+-------+-------+-------+-------+-------++-------
Melee: Unarmed           |    41 |       |       |       |       |       |       |       |       ||    41
       Whip              |    11 |       |       |       |       |       |       |       |       ||    11
       Trident           |       |    32 |    86 |    43 |       |       |       |       |       ||   161
       Spear             |       |       |       |    52 |    47 |       |       |       |       ||    99
       Staff             |       |       |       |       |    11 |     1 |    13 |    11 |    15 ||    51
       Headbutt          |       |       |       |       |       |       |     4 |     4 |     4 ||    12
       Eudemon blade     |       |       |       |       |       |       |       |       |    58 ||    58
 Cast: Summon Small Mamm |    27 |     2 |       |     3 |       |       |       |       |       ||    32
       Call Imp          |    11 |     2 |     3 |     4 |     2 |       |       |       |       ||    22
       Call Canine Famil |     7 |     9 |    22 |    24 |    13 |       |     2 |     4 |     6 ||    87
       Summon Guardian G |     2 |     2 |    14 |    21 |    15 |     2 |     4 |     7 |     3 ||    70
       Summon Lightning  |       |     1 |    22 |    30 |    23 |     3 |     3 |       |       ||    82
       Airstrike         |       |       |     1 |    76 |   137 |   204 |   229 |   271 |   272 ||  1190
       Olgreb's Toxic Ra |       |       |       |    14 |    29 |    23 |     7 |     3 |     3 ||    79
       Fireball          |       |       |       |       |   136 |   211 |   219 |   164 |   381 ||  1111
       Passwall          |       |       |       |       |     1 |       |       |       |     1 ||     2
       Simulacrum        |       |       |       |       |     1 |     7 |       |     2 |       ||    10
       Summon Cactus Gia |       |       |       |       |       |       |     3 |     5 |     2 ||    10
       Storm Form        |       |       |       |       |       |       |     1 |     1 |       ||     2
       Infestation       |       |       |       |       |       |       |    31 |    75 |    38 ||   144
       Chain Lightning   |       |       |       |       |       |       |       |       |   758 ||   758
       Polar Vortex      |       |       |       |       |       |       |       |       |    41 ||    41
Invok: No ability        |       |       |       |     8 |    64 |    60 |    55 |    10 |       ||   197
       Drain Life        |       |       |       |       |     6 |    22 |    22 |    19 |     1 ||    70
       Recall Undead Har |       |       |       |       |     5 |    25 |    37 |    19 |    11 ||    97
       Bind Soul         |       |       |       |       |       |     1 |     2 |     1 |     2 ||     6
       Stop Recall       |       |       |       |       |       |       |     2 |       |       ||     2
       Dark Bargain      |       |       |       |       |       |       |       |     2 |     1 ||     3
       Greater Servant o |       |       |       |       |       |       |       |       |     2 ||     2
 Abil: Blinkbolt         |       |       |       |       |       |       |     1 |       |       ||     1
       End Transformatio |       |       |       |       |       |       |       |     1 |       ||     1
Evoke: Wand              |       |     1 |       |       |       |     1 |     2 |     1 |     1 ||     6
       Condenser vane    |       |       |       |       |       |       |     1 |       |     2 ||     3
       Phial of floods   |       |       |       |       |       |       |       |     1 |     1 ||     2
       Lightning rod     |       |       |       |       |       |       |       |       |     8 ||     8
       Tin of tremorston |       |       |       |       |       |       |       |       |     1 ||     1
  Use: Scroll            |       |       |     9 |     2 |    14 |     8 |     8 |    15 |    15 ||    71
       Potion            |       |       |       |     4 |     2 |     3 |     2 |    11 |    31 ||    53
 Stab: Sleeping          |     1 |       |       |       |       |       |       |       |       ||     1
       Distracted        |       |       |     2 |     5 |     2 |       |     1 |       |       ||    10
       Paralysed         |       |       |       |       |       |     1 |       |     1 |       ||     2
Armor: Robe              |    16 |       |       |       |       |       |       |       |       ||    16
       Ring mail         |       |    11 |    17 |    43 |    41 |    41 |    55 |    34 |    88 ||   330
       Plate armour      |       |       |       |       |       |       |       |       |    45 ||    45
Dodge: Dodged            |    41 |    14 |    19 |    41 |    53 |    48 |    45 |    38 |   190 ||   489
Block: Kite shield       |       |       |       |    40 |    60 |    56 |    74 |    47 |   252 ||   529
       Reflection        |       |       |       |       |       |       |     8 |    13 |     7 ||    28

Table legend: (Time is in decaauts)
 A = Elapsed time spent in this place.
 B = Non-inter-level travel time spent in this place.
 C = Inter-level travel time spent in this place.
 D = Time resting spent in this place.
 E = Time spent auto-exploring this place.
 F = Levels seen in this place.
 G = Mean time per level.
                   A        B        C        D        E       F      G
               +--------+--------+--------+--------+--------+-----+--------+
         Total |  91778 |  81732 |  10046 |   4013 |  65074 |  69 | 1330.1 |
       Dungeon |  23314 |  20315 |   2999 |    854 |  17187 |  15 | 1554.3 |
        Temple |    181 |     94 |     87 |      0 |      0 |   1 |  181.0 |
          Lair |  10978 |  10376 |    602 |    705 |   8799 |   6 | 1829.7 |
        Shoals |   6119 |   5901 |    218 |    438 |   4877 |   4 | 1529.8 |
   Spider Nest |   5794 |   5640 |    154 |     81 |   4951 |   4 | 1448.5 |
    Slime Pits |   1798 |   1708 |     90 |    233 |   1139 |   5 |  359.6 |
  Orcish Mines |   2301 |   2082 |    219 |    370 |   1330 |   2 | 1150.5 |
   Elven Halls |   3840 |   3654 |    186 |      0 |   2744 |   3 | 1280.0 |
        Vaults |  12022 |   9946 |   2076 |    293 |   7861 |   5 | 2404.4 |
         Crypt |   2823 |   2488 |    335 |      0 |   2102 |   3 |  941.0 |
          Tomb |   4587 |   3580 |   1007 |    246 |   2587 |   3 | 1529.0 |
        Depths |   6959 |   5755 |   1204 |     82 |   4331 |   4 | 1739.8 |
           Zot |   5950 |   5086 |    864 |      0 |   4060 |   5 | 1190.0 |
         Abyss |   1475 |   1475 |      0 |      8 |   1006 |   5 |  295.0 |
        Bazaar |     79 |     79 |      0 |      0 |     57 |   1 |   79.0 |
       Volcano |   1321 |   1321 |      0 |    276 |    823 |   1 | 1321.0 |
    Desolation |   1194 |   1194 |      0 |      5 |    767 |   1 | 1194.0 |
      Gauntlet |   1035 |   1035 |      0 |    422 |    452 |   1 | 1035.0 |
               +--------+--------+--------+--------+--------+-----+--------+

Top non-repeatable levels by time:
  Lair:6: 3574 daAuts
Vaults:1: 3019 daAuts
  Tomb:1: 2905 daAuts
Vaults:2: 2678 daAuts
Vaults:3: 2398 daAuts
    D:15: 2361 daAuts
Spider:3: 2292 daAuts
Vaults:5: 2250 daAuts
Depths:4: 2144 daAuts
    D:12: 2080 daAuts
Depths:2: 1985 daAuts
  Lair:4: 1892 daAuts
  Lair:3: 1847 daAuts
Depths:3: 1826 daAuts
     D:1: 1814 daAuts
